 Dungeon Crawl Stone Soup version 0.31-a0-925-g0a390f2509 (webtiles) character file.

Game seed: 15202628324588671564

144452 bmack86 the Executioner (level 16, -2/258 HPs)
             Began as a Minotaur Fighter on Sept 23, 2023.
             Was the Champion of Okawaru.
             Slain by a seven-headed hydra (3 damage)
             ... called by a spriggan druid
             ... on level 3 of the Swamp on Oct 18, 2023.
             The game lasted 01:27:12 (26875 turns).

bmack86 the Executioner (Minotaur Fighter)         Turns: 26875, Time: 01:27:13

Health: -2/258     AC: 17    Str: 26    XL:     16   Next: 85%
Magic:  21/21      EV:  9    Int:  7    God:    Okawaru [******]
Gold:   2503       SH: 17    Dex: 19    Spells: 15/15 levels left

rFire   . . .        w - +7 broad axe (flame)
rCold   . . .        O - +0 kite shield
rNeg    . . .        n - +9 ring mail of the Ward {Dex+3}
rPois   +            s - +0 hat
rElec   +            g - +0 cloak
rCorr   .            y - +1 pair of gloves "Gieg" {rElec Dex+5}
SInv    .            R - +1 pair of boots {rampage}
Will    +....        z - amulet of reflection Stlth
                     a - ring of flight
HPRegen 0.63/turn    B - ring of poison resistance
MPRegen 0.17/turn

%: reflection, rampage
@: berserking, corroded, flying, studying Short Blades, very quick
A: horns 2, retaliatory headbutt
a: Renounce Religion, Heroism, Finesse, Duel, Receive Weapon


You were on level 3 of the Swamp.
You worshipped Okawaru.
Okawaru was exalted by your worship.
You visited 5 branches of the dungeon, and saw 26 of its levels.
You also visited: Bailey, Gauntlet and Volcano.

You collected 5399 gold pieces.
You spent 2896 gold pieces at shops.

Inventory:

Hand Weapons
 w - a +7 broad axe of flaming (weapon)
 W - a +4 heavy broad axe
Missiles
 h - 11 throwing nets
 o - 10 silver javelins
 x - 38 boomerangs
 N - 11 curare-tipped darts
Armour
 g - a +0 cloak (worn)
 m - a +2 plate armour of willpower
 n - the +9 ring mail of the Ward (worn) {Dex+3}
   (You found it on level 2 of the Dungeon)

   Dex+3:     It affects your dexterity (+3).
 s - a +0 hat (worn)
 y - the +1 pair of gloves "Gieg" (worn) {rElec Dex+5}
   (You found it in a Gauntlet)

   Dex+5:     It affects your dexterity (+5).
   rElec:     It insulates you from electricity.
 O - a +0 kite shield (worn)
 R - a +1 pair of boots of rampaging (worn)
Jewellery
 a - a ring of flight (left hand)
 b - a ring of protection from fire
 f - a ring of see invisible
 l - a ring of resist corrosion
 z - an amulet of reflection (around neck)
 B - a ring of poison resistance (right hand)
 C - an amulet of guardian spirit
 D - a +5 ring of evasion
 K - the ring "Riasy" {AC+4 Str+4 Stlth+}
   (You found it on level 9 of the Dungeon)

   [ring of protection]

   AC+4:      It affects your AC (+4).
   Str+4:     It affects your strength (+4).
   Stlth+:    It makes you more stealthy.
 L - a ring of protection from fire
 P - a ring of protection from cold
 Q - a +6 ring of intelligence
 Y - a ring of willpower
Wands
 q - a wand of digging (6)
 t - a wand of flame (28) (quivered)
 S - a wand of quicksilver (18)
Scrolls
 c - 2 scrolls of silence
 e - 12 scrolls of teleportation
 j - 4 scrolls of fear
 A - 5 scrolls of immolation
 E - 3 scrolls of poison
 G - 4 scrolls of revelation
 H - 7 scrolls of blinking
 J - 3 scrolls of fog
 M - 6 scrolls of identify
Potions
 d - 6 potions of might
 k - 2 potions of ambrosia
 p - 3 potions of resistance
 r - a potion of berserk rage
 u - 3 potions of mutation
 v - 20 potions of curing
 F - 5 potions of haste
 I - 4 potions of lignification
 V - 4 potions of cancellation


   Skills:
 * Level 23.3 Fighting
 + Level 23.8 Axes
 - Level 10.0 Throwing
 - Level 7.0 Armour
 - Level 10.0 Shields
 - Level 8.0 Invocations


You had 15 spell levels left.
You didn't know any spells.
Your spell library contained the following spells:

 Spells                   Type           Power      Damage    Failure   Level
 Apportation              Tloc           0%         N/A       75%         1
 Kiss of Death            Conj/Necr      0%         2d5       75%         1
 Necrotise                Necr           0%         1d4       75%         1
 Blink                    Tloc           0%         N/A       86%         2
 Jinxbite                 Hex            0%         N/A       86%         2
 Sublimation of Blood     Necr           0%         N/A       86%         2
 Confusing Touch          Hex            0%         N/A       98%         3
 Hailstorm                Conj/Ice       0%         3d3       98%         3
 Inner Flame              Hex/Fire       0%         N/A       98%         3
 Volatile Blastmotes      Fire/Tloc      0%         2d10      98%         3
 Anguish                  Hex/Necr       0%         N/A       100%        4
 Cause Fear               Hex            0%         N/A       100%        4
 Dispel Undead            Necr           0%         3d6       100%        4
 Flame Wave               Conj/Fire      0%         2d4       100%        4
 Fulminant Prism          Conj/Hex       0%         3d5       100%        4
 Iskenderun's Mystic Bla  Conj/Tloc      0%         2d3       100%        4
 Manifold Assault         Tloc           0%         N/A       100%        4
 Petrify                  Tmut/Erth      0%         N/A       100%        4
 Sticky Flame             Conj/Fire      0%         2d3       100%        4
 Vhi's Electric Charge    Tloc/Air       0%         N/A       100%        4
 Alistair's Intoxication  Tmut/Pois      0%         N/A       100%        5
 Arcjolt                  Conj/Air       0%         1d10      100%        5
 Irradiate                Conj/Tmut      0%         3d11      100%        5
 Lee's Rapid Deconstruct  Erth           0%         3d4*      100%        5
 Plasma Beam              Fire/Air       0%         2x1d10    100%        6
 Enfeeble                 Hex            0%         N/A       100%        7
 Summon Small Mammal      Summ           Unusable   N/A       N/A         1
 Animate Armour           Summ/Erth      Unusable   N/A       N/A         4
 Summon Ice Beast         Ice/Summ       Unusable   N/A       N/A         4
 Summon Lightning Spire   Summ/Air       Unusable   N/A       N/A         4
 Simulacrum               Ice/Necr       Unusable   N/A       N/A         6

Dungeon Overview and Level Annotations

Branches:
Dungeon (15/15)            Temple (1/1) D:5            Lair (5/5) D:10
  Swamp (3/4) Lair:2        Snake (0/4) Lair:3        Slime (0/5) Lair:5
    Orc (2/2) D:12            Elf (0/3) Orc:2        Vaults (0/5) D:13
 Depths (0/4) D:15         Bailey (visited)         Volcano (visited)
Gauntlet (visited)

Altars:
Ashenzari
Cheibriados
Dithmenos
Elyvilon
Fedhas
Gozag
Hepliaklqana
Kikubaaqudgha
Makhleb
Nemelex Xobeh
Okawaru
Qazlal
Ru
Sif Muna
Trog
Uskayaw
Vehumet
Wu Jian
Xom
Yredelemnul
Zin
The Shining One

Shops:
D:14 ?*   Orc:1 !   Orc:2 !=([?

Annotations:
D:13 1 runed translucent door


Innate Abilities, Weirdness & Mutations

You have a pair of horns on your head.
You reflexively headbutt those who attack you in melee.


Message History

You barely miss the tyrant leech. You block the goliath frog's attack.
The alligator bites you but does no damage.
The alligator tail-slaps you but does no damage.
A red film seems to cover your vision as you go berserk!
You feel yourself moving faster!
You feel mighty! The eight-headed hydra bites you!
* * * LOW HITPOINT WARNING * * *
You block the eight-headed hydra's attack.
The eight-headed hydra bites you but does no damage.
You block the eight-headed hydra's attack.
The eight-headed hydra barely misses you.
You block the eight-headed hydra's attack.
The eight-headed hydra closely misses you.
You block the eight-headed hydra's attack.
The tyrant leech bites you!!!
* * * LOW HITPOINT WARNING * * *
The tyrant leech draws strength from your injuries!
The goliath frog hits you but does no damage.
The alligator bites you!
* * * LOW HITPOINT WARNING * * *
The alligator tail-slaps you.
* * * LOW HITPOINT WARNING * * *
You are too berserk!
You are too berserk!
You slash the tyrant leech! You burn the tyrant leech.
You headbutt the tyrant leech.
The tyrant leech is moderately wounded.
You slice the alligator!! You burn the alligator.
You slice one of the eight-headed hydra's heads off!
The flame cauterises the wound!
You slice the seven-headed hydra!! You burn the seven-headed hydra!
The goliath frog no longer looks unusually strong.
The tyrant leech no longer looks unusually strong.
A tyrant leech comes into view.
You block the seven-headed hydra's attack. x2
The seven-headed hydra bites you but does no damage.
You block the seven-headed hydra's attack. x2
The seven-headed hydra bites you but does no damage.
The seven-headed hydra bites you.
You die...

~~.~..........♣
♣~~...........♣
.~.~....~~~...♣♣
...~..§~...§?..♣
..~..~≈~~~~~~.♣
...~≈≈≈≈≈≈≈~.♣
~~.§≈≈≈≈≈≈≈~.♣
.~.~≈≈~..≈≈≈.♣
~..≈≈≈.<.≈t@~♣
.~.≈≈≈~.~≈wD~♣
♣~.~≈~~≈≈F≈~~♣
♣♣.~≈~≈~≈≈≈†.♣
♣♣.~~≈~≈~~§.w.~~.♣
♣♣...~...~~~~~~♣♣
♣..~~♣~..~~♣~~.♣
.§~♣~~~.~~....~♣
..~~♣♣~§~..♣♣.~♣


You could see a seven-headed hydra, an alligator, 2 tyrant leeches and a goliath
frog.

Vanquished Creatures
  A tentacled monstrosity (Swamp:3)
  Frances (Swamp:1)
  Roxanne (D:14)
  2 orc warlords
  A very ugly thing (D:15)
  A minotaur (Gauntlet)
  An eleionoma (Swamp:1)
  2 bunyips
  A fire dragon (D:13)
  Fannar (D:11)
  2 rakshasas (D:15)
  6 boulder beetles
  12 hydras
  Erica (D:8)
  7 centaur warriors
  4 alligators (Swamp:1)
  5 two-headed ogres
  8 vault guards (D:13)
  4 tengu warriors
  6 orc high priests (Orc:2)
  9 death yaks
  A shock serpent (shapeshifter) (D:15)
  A skyshark (Lair:5)
  A goliath frog (Swamp:1)
  A fire crab (Volcano)
  3 swamp dragons
  3 spriggan druids
  A glowing orange brain (D:15)
  3 bog bodies
  2 lindwurms
  5 orc knights (Orc:2)
  2 wolf spiders
  5 deep elf pyromancers
  An orc sorcerer (Orc:2)
  3 will-o-the-wisps
  5 oklob plants
  5 cyclopes
  20 ugly things
  2 manticores
  17 elephants
  A cane toad (shapeshifter) (D:13)
  4 black mambas
  13 cane toads
  2 gargoyles
  Jeremiah (D:7)
  Psyche (D:12)
  3 kobold demonologists
  7 komodo dragons
  5 rime drakes
  An efreet (D:13)
  4 yaktaurs (D:15)
  2 freezing wraiths
  11 trolls
  9 meliai
  A meliai (shapeshifter) (D:13)
  A merfolk (D:11)
  A bloated husk (Swamp:2)
  8 hornets
  10 polar bears
  Grinder (D:5)
  5 tyrant leeches
  23 blink frogs
  2 raiju (Lair:5)
  6 dream sheep (Lair:5)
  10 flying skulls (Gauntlet)
  12 spriggans
  5 wyverns
  Sigmund (D:5)
  6 slime creatures
  3 small abominations (Gauntlet)
  2 vampires (D:12)
  9 wraiths
  2 large abominations (Gauntlet)
  3 shadows
  8 basilisks
  7 fire bats
  29 yaks
  Menkaure (D:5)
  3 vampire mosquitoes (Swamp:2)
  2 steam dragons (Volcano)
  11 wargs
  14 hell hounds
  8 swamp worms
  3 acid dragons
  11 water moccasins
  A sky beast (D:8)
  4 ice beasts
  41 orc warriors
  2 swamp drakes
  13 black bears
  A black bear (shapeshifter) (D:13)
  7 boggarts
  A centaur (D:10)
  27 wolves
  4 ogres
  2 phantoms (D:5)
  4 kobold brigands
  Blork the orc (D:6)
  14 bullfrogs
  10 gnoll sergeants
  A scorpion (D:6)
  14 wights
  2 vampire bats (D:8)
  4 howler monkeys
  3 hounds
  2 jellies
  27 orc priests
  9 gnoll boudas
  2 sleepcaps
  3 iguanas
  Ijyb (D:5)
  18 orc wizards
  A hound skeleton (D:3)
  51 gnolls
  6 adders
  2 shadow imps (D:7)
  4 white imps
  2 ufetubi (D:3)
  2 worms (D:2)
  The ghost of Nanner the Shield-Bearer, a weakling FoFi (D:14)
  6 dart slugs
  87 orcs
  4 bats
  3 bat skeletons (D:8)
  2 bat zombies (D:8)
  4 endoplasms
  4 giant cockroaches
  14 goblins
  5 hobgoblins
  4 jackals (D:2)
  9 kobolds
  A quokka (D:2)
  13 ball pythons
  6 frilled lizards
  2 giant cockroach zombies (D:3)
  A quokka zombie (D:3)
  7 rats
  A spectral goblin (D:13)
889 creatures vanquished.

Vanquished Creatures (others)
  An eleionoma (Swamp:2)
  Josephine (D:15)
  A bloated husk (Swamp:2)
  A jumping spider (shapeshifter) (D:13)
  A boggart (D:15)
  2 orcs (Orc:2)
  12 foxfires (Swamp:1)
19 creatures vanquished.

Grand Total: 908 creatures vanquished

Notes
Turn   | Place    | Note
-------+----------+-------------------------------------------
     0 | D:1      | bmack86 the Minotaur Fighter began the quest for the Orb.
     0 | D:1      | Reached XP level 1. HP: 19/19 MP: 0/0
     0 | D:1      | Upgraded the game from 0.31-a0-819-gf6de2f5ab6 to
                  | 0.31-a0-920-g28cbb04a8c
   124 | D:1      | Reached XP level 2. HP: 22/26 MP: 1/1
   436 | D:1      | You fall into a shaft and drop 1 floor!
   456 | D:2      | Reached XP level 3. HP: 29/31 MP: 2/2
   485 | D:2      | Found a faded altar of an unknown god.
   605 | D:2      | Reached skill level 5 in Shields
   724 | D:2      | Reached XP level 4. HP: 39/39 MP: 3/3
   866 | D:2      | Identified the +9 ring mail of the Ward {Dex+3}
  1370 | D:2      | Reached skill level 5 in Axes
  1380 | D:2      | Reached XP level 5. HP: 31/45 MP: 4/4
  1764 | D:3      | Noticed an ogre
  1770 | D:3      | Killed an ogre
  1889 | D:3      | Found a hide-covered altar of Uskayaw.
  1892 | D:3      | Found a blossoming altar of Fedhas.
  1980 | D:3      | Reached XP level 6. HP: 51/51 MP: 5/5
  2054 | D:3      | Found a broken altar of Ashenzari.
  2059 | D:3      | Saw a vision of the Swamp and the Snake Pit.
  2059 | D:3      | Noticed a black mamba
  2059 | D:3      | Noticed a naga
  2059 | D:3      | Noticed a naga warrior
  2059 | D:3      | Noticed a shock serpent
  2059 | D:3      | Noticed a naga warrior
  2059 | D:3      | Noticed a swamp dragon
  2059 | D:3      | Noticed a swamp drake
  2059 | D:3      | Noticed a bloated husk
  2059 | D:3      | Noticed a goliath frog
  2061 | D:3      | Noticed a black mamba
  2062 | D:3      | Noticed a naga
  2965 | D:4      | Found a shimmering blue altar of Sif Muna.
  3030 | D:4      | Found an opulent altar of Gozag.
  3105 | D:4      | Found a glowing silver altar of Zin.
  3277 | D:5      | Entered Level 5 of the Dungeon
  3277 | D:5      | Noticed Sigmund
  3290 | D:5      | Noticed Menkaure
  3292 | D:5      | Killed Sigmund
  3293 | D:5      | Reached XP level 7. HP: 57/57 MP: 6/6
  3300 | D:5      | Killed Menkaure
  3558 | D:5      | Reached skill level 10 in Axes
  3701 | D:5      | Noticed Ijyb
  3711 | D:5      | Killed Ijyb
  3733 | D:5      | Reached XP level 8. HP: 64/64 MP: 7/7
  3918 | D:5      | Noticed Grinder
  3920 | D:5      | Found a staircase to the Ecumenical Temple.
  3932 | Temple   | Entered the Ecumenical Temple
  3970 | Temple   | Became a worshipper of Warmaster Okawaru
  4016 | D:5      | Paralysed by Grinder for 3 turns
  4027 | D:5      | Killed Grinder
  4028 | D:5      | Reached skill level 1 in Invocations
  4628 | D:6      | Reached * piety under Okawaru
  4647 | D:6      | Noticed Blork the orc
  4661 | D:6      | Reached XP level 9. HP: 54/70 MP: 10/10
  4664 | D:6      | Killed Blork the orc
  4969 | D:6      | Found a sacrificial altar of Ru.
  5188 | D:7      | Identified a scroll of acquirement
  5188 | D:7      | Acquired 1143 gold pieces
  5220 | D:7      | Noticed Jeremiah
  5277 | D:7      | Found a flagged portal.
  5285 | Bailey   | Entered a bailey
  5530 | Bailey   | Reached ** piety under Okawaru
  5554 | Bailey   | Reached skill level 5 in Invocations
  6016 | D:7      | Killed Jeremiah
  6017 | D:7      | Reached skill level 15 in Axes
  6017 | D:7      | Reached XP level 10. HP: 67/75 MP: 13/13
  6206 | D:7      | Found a hazy altar of Hepliaklqana.
  6289 | D:7      | Found a bloodstained altar of Trog.
  6753 | D:8      | Noticed a two-headed ogre
  6761 | D:8      | Killed a two-headed ogre
  6761 | D:8      | Reached *** piety under Okawaru
  6784 | D:8      | Found an ancient bone altar of Kikubaaqudgha.
  6810 | D:8      | Noticed a two-headed ogre
  6811 | D:8      | Noticed Erica
  6819 | D:8      | Killed a two-headed ogre
  6826 | D:8      | Killed Erica
  6826 | D:8      | Reached **** piety under Okawaru
  7773 | D:9      | Identified the ring "Riasy" {AC+4 Str+4 Stlth+}
  7816 | D:9      | Reached ***** piety under Okawaru
  7822 | D:9      | Reached XP level 11. HP: 56/82 MP: 16/16
  8304 | D:10     | Entered Level 10 of the Dungeon
  8315 | D:10     | Found a shadowy altar of Dithmenos.
  8324 | D:10     | Found a staircase to the Lair.
  8385 | D:10     | Identified the +2 robe of Amorality {Rampage Will- Str+6}
  8540 | D:10     | Identified the +5 quarterstaff of Equivalence {freeze,
                  | Will+ Stlth+}
  8861 | D:10     | Found a burning altar of Makhleb.
  8956 | D:10     | Found a sparkling altar of Nemelex Xobeh.
  9079 | D:12     | Identified the "Lujuh"
  9079 | Gauntlet | Identified the "Ixkil"
  9079 | Lair:1   | Entered Level 1 of the Lair of Beasts
  9261 | Lair:1   | Received a gift from Okawaru
  9262 | Lair:1   | Reached skill level 5 in Fighting
  9262 | Lair:1   | Reached skill level 5 in Armour
  9641 | Lair:1   | Reached skill level 1 in Throwing
  9743 | Lair:1   | Received a gift from Okawaru
  9827 | Lair:1   | Reached ****** piety under Okawaru
  9828 | Lair:1   | Reached XP level 12. HP: 100/100 MP: 17/17
 10409 | Lair:2   | Noticed a boulder beetle
 10429 | Lair:2   | Killed a boulder beetle
 10567 | Lair:2   | Found a staircase to the Swamp.
 11012 | Lair:2   | Noticed a six-headed hydra
 11021 | Lair:2   | Killed a three-headed hydra
 11163 | Lair:2   | Received a gift from Okawaru
 11717 | Lair:3   | Reached skill level 10 in Fighting
 11811 | Lair:3   | Found a staircase to the Snake Pit.
 11916 | Lair:3   | Noticed a death yak
 11916 | Lair:3   | Noticed a death yak
 11916 | Lair:3   | Noticed a death yak
 11916 | Lair:3   | Noticed a death yak
 11916 | Lair:3   | Noticed a death yak
 11916 | Lair:3   | Noticed a death yak
 11928 | Lair:3   | Killed a death yak
 11929 | Lair:3   | Reached skill level 5 in Throwing
 11929 | Lair:3   | Killed a death yak
 11929 | Lair:3   | Received a gift from Okawaru
 11934 | Lair:3   | Killed a death yak
 11937 | Lair:3   | Killed a death yak
 11937 | Lair:3   | Killed a death yak
 11940 | Lair:3   | Killed a death yak
 11975 | Lair:3   | Acquired a +1 pair of boots of rampaging
 11975 | Lair:3   | Received a gift from Okawaru
 12293 | Lair:3   | Reached XP level 13. HP: 116/116 MP: 18/18
 12565 | Lair:4   | Received a gift from Okawaru
 12566 | Lair:4   | Reached skill level 10 in Shields
 13405 | Lair:5   | Identified the "Uhyod"
 13405 | Lair:5   | Entered Level 5 of the Lair of Beasts
 13443 | Lair:5   | Received a gift from Okawaru
 13629 | Lair:5   | Found a dark tunnel.
 13677 | Volcano  | Entered a volcano
 14052 | Lair:5   | Received a gift from Okawaru
 14202 | Lair:5   | Reached skill level 15 in Fighting
 14229 | Lair:5   | Received a gift from Okawaru
 14232 | Lair:5   | Reached XP level 14. HP: 74/135 MP: 17/19
 15165 | Lair:5   | Found a staircase to the Slime Pits.
 15178 | Lair:5   | Received a gift from Okawaru
 16039 | D:11     | Noticed Fannar
 16055 | D:11     | Killed Fannar
 16056 | D:11     | Reached skill level 10 in Throwing
 16226 | D:12     | Found a gate leading to a gauntlet.
 16233 | Gauntlet | Entered a Gauntlet
 16233 | Gauntlet | Found a transporter.
 16233 | Gauntlet | Found a transporter.
 16237 | Gauntlet | Found a transporter.
 16237 | Gauntlet | Found a transporter.
 16246 | Gauntlet | Found a transporter.
 16296 | Gauntlet | Found a transporter.
 16316 | Gauntlet | Found a transporter.
 16333 | Gauntlet | Found a transporter.
 16446 | Gauntlet | Found a transporter.
 16465 | Gauntlet | Found a transporter.
 16486 | Gauntlet | Found a transporter.
 16503 | Gauntlet | Found a transporter.
 16526 | Gauntlet | Found a transporter.
 16632 | Gauntlet | Found a transporter.
 16640 | Gauntlet | Found a transporter.
 16645 | Gauntlet | Found a transporter.
 16804 | Gauntlet | Identified the +1 pair of gloves "Gieg" {rElec Dex+5}
 16978 | D:12     | Acquired 1146 gold pieces
 17106 | D:12     | Received a gift from Okawaru
 17332 | D:12     | Noticed Psyche
 17339 | D:12     | Killed Psyche
 17692 | D:12     | Found a blossoming altar of Fedhas.
 17785 | D:12     | Found a staircase to the Orcish Mines.
 18709 | Orc:1    | Entered Level 1 of the Orcish Mines
 18759 | Orc:1    | Found Kesm's Distillery.
 18782 | Orc:1    | Noticed an orc warlord
 18794 | Orc:1    | Killed an orc warlord
 18850 | Orc:1    | Bought a potion of curing for 39 gold pieces
 18850 | Orc:1    | Bought 2 potions of heal wounds for 130 gold pieces
 18850 | Orc:1    | Bought a potion of heal wounds for 65 gold pieces
 18850 | Orc:1    | Bought a potion of heal wounds for 65 gold pieces
 18850 | Orc:1    | Bought a potion of curing for 39 gold pieces
 18850 | Orc:1    | Bought a potion of might for 52 gold pieces
 18850 | Orc:1    | Bought a potion of attraction for 39 gold pieces
 18997 | Orc:2    | Entered Level 2 of the Orcish Mines
 19004 | Orc:2    | Found Ruppac's Distillery.
 19027 | Orc:2    | Received a gift from Okawaru
 19271 | Orc:2    | Reached XP level 15. HP: 57/150 MP: 20/20
 19293 | Orc:2    | Bought a potion of curing for 51 gold pieces
 19293 | Orc:2    | Bought a potion of curing for 51 gold pieces
 19293 | Orc:2    | Bought a potion of berserk rage for 85 gold pieces
 19293 | Orc:2    | Bought a potion of resistance for 170 gold pieces
 19293 | Orc:2    | Bought a potion of curing for 51 gold pieces
 19529 | Orc:2    | Found a staircase to the Elven Halls.
 20241 | Orc:2    | Found Dooremmy's Weapon Shoppe.
 20241 | Orc:2    | Found Cantisai's Jewellery Shoppe.
 20242 | Orc:2    | Found Wiseoz's Magic Scroll Shoppe.
 20242 | Orc:2    | Found Sisokluo's Antique Armour Emporium.
 20250 | Orc:2    | Bought a scroll of teleportation for 39 gold pieces
 20250 | Orc:2    | Bought a scroll of teleportation for 39 gold pieces
 20250 | Orc:2    | Bought a scroll of revelation for 97 gold pieces
 20250 | Orc:2    | Bought a scroll of blinking for 97 gold pieces
 20252 | Orc:2    | Bought a pair of embroidered boots for 255 gold pieces
 20252 | Orc:2    | Bought a pair of embroidered gloves for 255 gold pieces
 20253 | Orc:2    | Bought a ring of willpower for 300 gold pieces
 20872 | D:13     | Found a runed translucent door.
 20873 | D:13     | Found a runed translucent door.
 20874 | D:13     | Found a runed translucent door.
 20891 | D:13     | Received a gift from Okawaru
 21080 | D:13     | Found a gate to the Vaults.
 21323 | D:13     | Received a gift from Okawaru
 21625 | D:13     | Found a hazy altar of Hepliaklqana.
 22241 | D:14     | Found a runed translucent door.
 22242 | D:14     | Identified the +9 trident of the Present {heavy, Str+3
                  | Dex+2}
 22243 | D:14     | Noticed Nanner's ghost (weakling FoFi)
 22269 | D:14     | Killed Nanner's ghost
 22410 | D:14     | Noticed Roxanne
 22422 | D:14     | Killed Roxanne
 22432 | D:14     | Received a gift from Okawaru
 22465 | D:14     | Found Fonunuri's General Store.
 22473 | D:14     | Bought 4 silver javelins for 540 gold pieces
 22473 | D:14     | Bought a potion of curing for 45 gold pieces
 22665 | D:14     | Found Muofum's Magic Scroll Shop.
 22685 | D:14     | Reached XP level 16. HP: 150/167 MP: 21/21
 22792 | D:14     | Bought a scroll of blinking for 120 gold pieces
 22792 | D:14     | Bought a scroll of enchant weapon for 120 gold pieces
 22792 | D:14     | Bought a scroll of silence for 152 gold pieces
 23439 | D:15     | Entered Level 15 of the Dungeon
 23572 | D:15     | Noticed Josephine
 23581 | D:15     | Killed Josephine
 24162 | D:15     | Received a gift from Okawaru
 24183 | D:15     | Found a staircase to the Depths.
 24717 | Swamp:1  | Entered Level 1 of the Swamp
 24987 | Swamp:1  | Noticed Frances
 24993 | Swamp:1  | Killed Frances
 25010 | Swamp:1  | Received a gift from Okawaru
 25930 | Swamp:1  | Upgraded the game from 0.31-a0-920-g28cbb04a8c to
                  | 0.31-a0-925-g0a390f2509
 26493 | Swamp:2  | Received a gift from Okawaru
 26846 | Swamp:3  | Noticed a tentacled monstrosity
 26854 | Swamp:3  | Killed a tentacled monstrosity
 26874 | Swamp:3  | HP: 2/258 [alligator[a spriggan druid] (15)]
 26875 | Swamp:3  | Slain by a seven-headed hydra

Illustrated notes

Levels and vault maps discovered:
D:1:      evilmike_arrival_hilbert_curve, layout_loops_ring,
          nicolae_twisty_statue_hallways
D:2:      wad_river_or_something, layout_loops_ring,
          chequers_ecumenical_altar_island, minmay_pentomino_v4
D:3:      layout_loops_ring, grunt_ashenzari_visionary
          [grunt_ashenzari_visionary_swamp, grunt_ashenzari_visionary_snake],
          nicolae_overflow_hidden_temple, serial_undead, serial_undead_f,
          serial_undead_c, serial_undead_c, serial_undead_a
D:4:      layout_loops_ring, pdpol_temple_overflow_zin_treasury_gozag_greed,
          led_sif_pool, grunt_ministairs_13, nicolae_grassy_gnolls
D:5:      layout_basic, minmay_temple_entry_purple_smoke, uniq_sigmund,
          uniq_grinder, uniq_menkaure, uniq_ijyb
D:6:      layout_rooms, nicolae_ru_great_annihilating_truth, uniq_blork_the_orc
D:7:      layout_cave_pools, trog_three_pillars_becter,
          mainiacjoe_overflow_surrounded_room, enter_bailey_3,
          serial_co_window_serial, co_window_of_opportunity_a,
          co_window_paths_b, co_window_of_opportunity_a,
          co_window_of_opportunity_a, co_window_paths_a, co_window_corner_b,
          co_window_unsneaky_path_a, co_window_corner_b, co_window_4corner_b,
          co_window_paths_e, glass_columns_a, uniq_jeremiah
D:8:      layout_loops_ring, kennysheep_vampire_church, uniq_erica
D:9:      layout_loops_cross
D:10:     layout_cave_pools, grunt_dithmenos_smoke_and_mirrors,
          nemelex_diamond_rough_becter, bloody_makhleb,
          erik_lair_orcish_takeover
D:11:     layout_big_octagon, hangedman_fish_farm, uniq_fannar
D:12:     layout_layer_cave, erik_orc_1, gauntlet_entry_generic,
          fedhas_altar_fruit_tree, uniq_psyche
D:13:     minmay_the_grid_triangle_9x9_rhombus_full
          [minmay_the_grid_triangle_9x9_skeleton,
          minmay_the_grid_triangle_9x9_limited_checkers,
          minmay_the_grid_triangle_9x9_minimal,
          minmay_the_grid_triangle_9x9_zippers_horizontal,
          minmay_the_grid_triangle_9x9_corruption,
          minmay_the_grid_triangle_9x9_fully_insulated_deathbox,
          minmay_the_grid_triangle_9x9_dagger,
          minmay_the_grid_triangle_9x9_prize_insulated], layout_cave_pods,
          erik_vaults_2, nicolae_hepliaklqana_monster_ancestors
D:14:     layout_basic, serial_shops, nicolae_shop_crystal, shop,
          ebering_ghost_funeral_grove, uniq_roxanne
D:15:     gammafunk_enter_depths_forms, layout_irregular_city,
          amcnicky_mini_rare_corridor_liquid, uniq_josephine
Temple:   kb_temple_of_zot
Lair:1:   layout_cave_pods, nicolae_lair_grazing_beasts
          [nicolae_sub_lair_graze_edge, nicolae_sub_lair_graze_edge,
          nicolae_sub_lair_graze_edge, nicolae_sub_lair_graze_edge]
Lair:2:   layout_concentric_octagons, minmay_swamp_entry_worms
Lair:3:   layout_regular_city, dummy_snake_entry, grunt_forest_small_clearings,
          kennysheep_basilisk_garden
Lair:4:   layout_layer_cave, minmay_lair_oklob_items
Lair:5:   hangedman_lair_caniforms_friends, layout_regular_city,
          minmay_slime_entry_oklob_open, nicolae_volcano_entry_batcave,
          infiniplex_staircase_pool
Swamp:1:  layout_falls_marsh, nicolae_swamp_well_well_well, swamp_pool4,
          uniq_frances
Swamp:2:  layout_basic_swamp, serial_swamp_ruin, evilmike_swamp_ruin_house_4,
          evilmike_swamp_ruin_rubble_1, evilmike_swamp_ruin_house_6
Swamp:3:  layout_falls_marsh, gammafunk_ghost_arena,
          evilmike_swamp_ruin_house_3, infiniplex_staircase_pool_2
Orc:1:    layout_diamond_mine, serial_shops, shop
Orc:2:    st_orc_pillars, layout_caves, serial_shops, nicolae_shop_stone

Skill      XL: |  1  2  3  4  5  6  7  8  9 10 11 12 13 14 15 16 |
---------------+-------------------------------------------------+-----
Shields        | 4 5 7 9 10 | 10.0
Axes           | 3 4 5 6 9 10 12 15 17 18 19 21 23 | 23.8
Invocations    | 3 6 8 |  8.0
Fighting       | 7 11 15 18 21 23 | 23.3
Armour         | 6 7 |  7.0
Throwing       | 2 5 8 10 | 10.0

Action                     |  1- 3 |  4- 6 |  7- 9 | 10-12 | 13-15 | 16-18 || total
---------------------------+-------+-------+-------+-------+-------+-------++-------
  Melee: War axe           |    61 |   156 |   200 |       |       |       ||   417
         Headbutt          |     5 |    24 |    33 |    80 |   202 |    66 ||   410
         Broad axe         |       |       |    14 |   395 |   886 |   242 ||  1537
 Invoke: Heroism           |       |       |     4 |     4 |    12 |     1 ||    21
         Finesse           |       |       |       |     1 |     2 |     1 ||     4
         Receive Armour    |       |       |       |     1 |       |       ||     1
  Evoke: Wand              |       |       |     3 |       |       |     3 ||     6
    Use: Scroll            |       |     9 |    11 |     8 |     9 |     2 ||    39
         Potion            |       |       |       |       |     9 |     4 ||    13
   Stab: Paralysed         |       |       |     1 |       |       |       ||     1
         Sleeping          |       |       |       |       |     3 |     3 ||     6
         Distracted        |       |       |       |       |     1 |       ||     1
         Confused          |       |       |       |       |       |     1 ||     1
 Armour: Scale mail        |    43 |    16 |       |       |       |       ||    59
         Ring mail         |       |    93 |   180 |   221 |   476 |   218 ||  1188
         Chain mail        |       |       |       |       |    24 |       ||    24
  Dodge: Dodged            |    34 |    88 |   177 |   267 |   412 |    83 ||  1061
  Block: Buckler           |    18 |    49 |    72 |   136 |   439 |       ||   714
         Reflection        |       |       |       |       |    20 |    24 ||    44
         Kite shield       |       |       |       |       |    95 |   230 ||   325

Table legend: (Time is in decaauts)
 A = Elapsed time spent in this place.
 B = Non-inter-level travel time spent in this place.
 C = Inter-level travel time spent in this place.
 D = Time resting spent in this place.
 E = Time spent auto-exploring this place.
 F = Levels seen in this place.
 G = Mean time per level.
                   A        B        C        D        E       F      G
               +--------+--------+--------+--------+--------+-----+--------+
         Total |  26652 |  25522 |   1130 |   2045 |  16502 |  29 |  919.0 |
       Dungeon |  14809 |  14152 |    657 |    546 |  10352 |  15 |  987.3 |
        Temple |     83 |     32 |     51 |     15 |      0 |   1 |   83.0 |
          Lair |   6194 |   5885 |    309 |    108 |   4428 |   5 | 1238.8 |
         Swamp |   2180 |   2109 |     71 |    522 |   1204 |   3 |  726.7 |
  Orcish Mines |   1666 |   1626 |     40 |    497 |    401 |   2 |  833.0 |
        Bailey |    708 |    708 |      0 |    296 |     17 |   1 |  708.0 |
       Volcano |    275 |    275 |      0 |     35 |     99 |   1 |  275.0 |
      Gauntlet |    734 |    734 |      0 |     26 |      0 |   1 |  734.0 |
               +--------+--------+--------+--------+--------+-----+--------+

Top non-repeatable levels by time:
  Lair:5: 1773 daAuts
    D:12: 1770 daAuts
    D:13: 1602 daAuts
  Lair:2: 1400 daAuts
    D:14: 1356 daAuts
  Lair:1: 1311 daAuts
     D:2: 1282 daAuts
 Swamp:1: 1203 daAuts
    D:15: 1122 daAuts
     D:5: 1097 daAuts
     D:7: 1001 daAuts
     D:4: 957 daAuts
 Swamp:2: 948 daAuts
   Orc:2: 926 daAuts
  Lair:4: 894 daAuts
